 Dungeon Crawl Stone Soup version 0.19-a0-892-g8a19e52 (webtiles) character file.

331 Fubayashi the Digger (level 6, -6/32 HPs)
             Began as a Gargoyle Earth Elementalist on July 4, 2016.
             Mangled by an ice beast (13 damage)
             ... on level 3 of the Dungeon.
             The game lasted 00:18:05 (4270 turns).

Fubayashi the Digger (Gargoyle Earth Elementalist)  Turns: 4270, Time: 00:18:06

Health: -6/32      AC:  7    Str: 11    XL:     6   Next: 52%
Magic:  4/13       EV: 12    Int: 18    God:
Gold:   122        SH:  0    Dex: 10    Spells: 2 memorised, 10 levels left

rFire  . . .     SeeInvis .     b - 15 stones
rCold  . . .     Gourm    .     c - +0 robe
rNeg   + . .     Faith    .     (no shield)
rPois  ∞         Spirit   .     v - +0 helmet
rElec  +         Dismiss  .     (no cloak)
rCorr  .         Reflect  .     (no gloves)
SustAt .         Harm     .     (no boots)
MR     .....                    (no amulet)
Stlth  ++........               (no ring)
                                (no ring)

@: not resistant to hostile enchantments, unstealthy
A: negative energy resistance 1, electricity resistance, unbreathing,
petrification resistance, rot immunity, AC +4
a: no special abilities


You were on level 3 of the Dungeon.
You were not hungry.

You visited 1 branch of the dungeon, and saw 3 of its levels.

You collected 122 gold pieces.

Inventory:

Hand Weapons
 f - a +0 club
Missiles
 b - 15 stones (in hand)
Armour
 c - a +0 robe (worn)
 v - a +0 helmet (worn)
Scrolls
 i - a scroll of identify {unknown}
 j - 2 scrolls of magic mapping {unknown}
 k - a scroll of immolation {unknown}
 l - 2 scrolls of teleportation {unknown}
 n - a scroll of enchant weapon {unknown}
 p - a scroll of noise {unknown}
 u - a scroll of fog {unknown}
 x - a scroll of remove curse {unknown}
Potions
 a - 2 potions of heal wounds {unknown}
 g - a potion of brilliance {unknown}
 h - 2 potions of resistance {unknown}
 m - a potion of mutation {unknown}
 q - a potion of invisibility {unknown}
 r - a potion of degeneration {unknown}
 s - a potion of might {unknown}
Books
 e - a book of Geomancy

   Spells                             Type                      Level
   a - Sandblast                      Earth                        1
   b - Passwall                       Transmutation/Earth          2
   c - Stone Arrow                    Conjuration/Earth            3
   d - Petrify                        Transmutation/Earth          4
   e - Lee's Rapid Deconstruction     Earth                        5
Comestibles
 d - 2 bread rations {@e1}
 o - a meat ration {@e1}
 t - a slice of pizza {@e2}
 w - 3 chunks of flesh


   Skills:
 - Level 1.5 Dodging
 - Level 2.1 Stealth
 * Level 4.7 Spellcasting
 + Level 2.7 Conjurations
   Level 0.7 Transmutations
 + Level 5.2 Earth Magic


You had 10 spell levels left.
You knew the following spells:

 Your Spells              Type           Power        Failure   Level  Hunger
a - Sandblast             Erth           ###...       1%          1    None
b - Stone Arrow           Conj/Erth      ###...       10%         3    ###....


Dungeon Overview and Level Annotations

Branches:
Dungeon (3/15)

Altars:
Uskayaw


Innate Abilities, Weirdness & Mutations

You are resistant to torment.
Your stone body is resilient. (AC +4)
You are immune to poison.
You resist negative energy. (rN+)
You are resistant to electric shocks. (rElec)
You can survive without breathing.
You are immune to petrification.
You are immune to rotting.


Message History

You see here a dagger.
Casting: Sandblast
Confirm with . or Enter, or press ? or * to list all spells.
Aiming: Sandblast
Press: ? - help, Shift-Dir - straight line, f/p - ice beast
Aim: an ice beast (heavily wounded)
The rocky blast hits the ice beast.
The ice beast is severely wounded.
The ice beast hits you. The ice beast freezes you.
Casting: Sandblast
Confirm with . or Enter, or press ? or * to list all spells.
Aiming: Sandblast
Press: ? - help, Shift-Dir - straight line, f/p - ice beast
Aim: an ice beast (severely wounded)
The rocky blast hits the ice beast.
The ice beast is almost dead.
The ice beast hits you.
* * * LOW HITPOINT WARNING * * *
The ice beast freezes you!
You die...

#....####.........####.
####.#.## ##.......## ##
#.......# ##.....## #
#.##.##.# ##...## #
#.##.##.# ##'## # #.##.##.#
#.# # ##.#..##.# #.# #
#........########.##### #
#..#.#....@Y..##...##.#####
#..#.#.#.####.#......#.....
#........## #.##>..##.#####
#.##......###.###.###.#
#.####.#...##.###.###.#
#.####.#......).......#
#.............###.#####
############### #.# #.#


You could see an ice beast.

Vanquished Creatures
  The ghost of murphy the Ducker, an amateur HESk (D:3)
  Robin (D:3)
  4 adders
  An ooze (D:1)
  3 dart slugs
  4 giant geckos
  A giant cockroach (D:3)
  13 goblins
  11 hobgoblins
  11 jackals
  10 kobolds
  2 quokkas
  11 bats
  7 giant newts
  5 rats
85 creatures vanquished.

Notes
Turn   | Place    | Note
-------+----------+-------------------------------------------
     0 | D:1      | Fubayashi the Gargoyle Earth Elementalist began the quest for the Orb.
     0 | D:1      | Reached XP level 1. HP: 10/10 MP: 3/3
   393 | D:1      | Reached XP level 2. HP: 15/15 MP: 5/5
   816 | D:1      | Reached XP level 3. HP: 8/19 MP: 3/7
   821 | D:1      | Learned a level 3 spell: Stone Arrow
  1169 | D:1      | Reached skill level 4 in Earth Magic
  1627 | D:2      | Reached skill level 1 in Conjurations
  1630 | D:2      | Reached XP level 4. HP: 18/24 MP: 3/9
  2855 | D:3      | Noticed murphy's ghost (amateur HESk)
  3697 | D:3      | Reached XP level 5. HP: 28/28 MP: 6/10
  3865 | D:3      | Noticed Robin
  4051 | D:2      | Found a hide-covered altar of Uskayaw.
  4079 | D:3      | Killed Robin
  4187 | D:3      | Killed murphy's ghost
  4187 | D:3      | Reached skill level 5 in Earth Magic
  4187 | D:3      | Reached XP level 6. HP: 32/32 MP: 0/13
  4213 | D:3      | Noticed an ice beast
  4270 | D:3      | Mangled by an ice beast

Vault maps used:
D:1:      dpeg_arrival_rooms_with_view
D:2:      lemuel_upstairs_altar
D:3:      first_bread, trog_book, uniq_robin

Skill      XL: |  1  2  3  4  5 |
---------------+----------------+-----
Spellcasting   | 3 4 |  4.7
Earth Magic    | 4 5 |  5.2
Conjurations   | 1 2 |  2.7
Dodging        | |  1.5
Stealth        | |  2.1
Transmutations | |  0.7

Action                   |  1- 3 |  4- 6 || total
-------------------------+-------+-------++-------
Melee: Unarmed           |    14 |       ||    14
       Club              |   115 |   170 ||   285
 Cast: Sandblast         |    41 |    82 ||   123
 Stab: Sleeping          |     1 |       ||     1
  Eat: Chunk             |     2 |     9 ||    11
Armor: Robe              |    68 |   140 ||   208
Dodge: Dodged            |   111 |   194 ||   305
